 Dungeon Crawl Stone Soup version 0.31-a0-1476-g8a4046af8c (webtiles) character file.

Game seed: 3911035096350394670

68239 Ivernyr the Peltast (level 15, -6/112 (125) HPs)
             Began as a Formicid Fighter on Dec 29, 2023.
             Was the Champion of Wu Jian.
             Killed from afar by a vampire mage (27 damage)
             ... with a bolt of negative energy
             ... on level 14 of the Dungeon.
             The game lasted 00:55:15 (20614 turns).

Ivernyr the Peltast (Formicid Fighter)             Turns: 20614, Time: 00:55:17

HP:   -6/112 (125)  AC: 18    Str: 35    XL:     15   Next: 69%
MP:   3/15          EV:  9    Int:  9    God:    Wu Jian [******]
Gold: 1747          SH: 37    Dex: 19    Spells: 14/14 levels left

rFire   . . .        a - +0 quarterstaff (heavy)
rCold   + . .        c - +11 tower shield of Loss {^Drain +Blink rCorr Stlth+}
rNeg    . . .        b - +2 chain mail {rC+}
rPois   .            (helmet unavailable)
rElec   .            t - +0 cloak
rCorr   +            f - +0 pair of gloves {infuse}
SInv    +            (no boots)
Will    +....        F - amulet of reflection Stlth
                     N - ring of Pero Opo {Str+2 Dex+6}
HPRegen 0.38/turn    Q - +6 ring of strength
MPRegen 0.14/turn

%: reflection, infuse magic (1 MP)
@: heavily drained
A: permanent stasis, dig shafts and tunnels, antennae 3, four strong arms
a: Dig, Shaft Self, Renounce Religion, Wall Jump, Serpent's Lash, Heavenly Storm


You were on level 14 of the Dungeon.
You worshipped Wu Jian.
Wu Jian was exalted by your worship.
You visited 3 branches of the dungeon, and saw 20 of its levels.
You also visited: Ossuary.

You collected 1747 gold pieces.

Inventory:

Hand Weapons
 a - a +0 heavy quarterstaff (weapon)
 w - a +3 bardiche of draining
Armour
 b - a +2 chain mail of cold resistance (worn)
 c - the +11 tower shield of Loss (worn) {^Drain +Blink rCorr Stlth+}
   (You acquired it on level 1 of the Lair of Beasts)

   +Blink:    It lets you blink.
   rCorr:     It protects you from acid and corrosion.
   ^Drain:    It drains your maximum health when unequipped.
   Stlth+:    It makes you more stealthy.
 f - a +0 pair of gloves of infusion (worn)
 t - a +0 cloak (worn)
Jewellery
 F - an amulet of reflection (around neck)
 N - the ring of Pero Opo (left hand) {Str+2 Dex+6}
   (You found it on level 9 of the Dungeon)

   [ring of dexterity]

   Str+2:     It affects your strength (+2).
   Dex+6:     It affects your dexterity (+6).
 Q - a +6 ring of strength (right hand)
Wands
 d - a wand of light (13)
 H - a wand of flame (61)
 J - a wand of charming (34)
 K - a wand of polymorph (8)
 L - a wand of digging (4)
 O - a wand of mindburst (18)
 P - a wand of roots (4)
Scrolls
 g - 4 scrolls of revelation
 h - a scroll of silence
 i - 3 scrolls of identify
 k - 5 scrolls of fear
 n - 2 scrolls of summoning
 q - 2 scrolls of enchant armour
 u - a scroll of amnesia
 y - a scroll of fog
 C - 5 scrolls of enchant weapon
Potions
 e - 3 potions of attraction
 j - 10 potions of curing
 m - 6 potions of invisibility
 p - 2 potions of ambrosia
 s - 3 potions of heal wounds
 x - a potion of cancellation
 A - 4 potions of mutation
 B - a potion of enlightenment
 D - 3 potions of brilliance
 E - 3 potions of magic


   Skills:
 + Level 13.8 Fighting
 - Level 15.3 Staves
 + Level 13.9 Armour
 + Level 16.3 Shields
 + Level 6.5 Evocations


You had 14 spell levels left.
You didn't know any spells.
Your spell library contained the following spells:

 Spells                   Type           Power      Damage    Failure   Level
 Necrotise                Necr           0%         1d4       87%         1
 Scorch                   Fire           0%         2d5       95%         2
 Call Canine Familiar     Summ           0%         N/A       99%         3
 Sigil of Binding         Hex            0%         N/A       99%         3
 Vampiric Draining        Necr           0%         2d6       99%         3
 Cause Fear               Hex            0%         N/A       100%        4
 Dimensional Bullseye     Hex/Tloc       0%         N/A       100%        4
 Flame Wave               Conj/Fire      0%         2d4       100%        4
 Martyr's Knell           Necr/Summ      0%         N/A       100%        4
 Curse of Agony           Necr           0%         N/A       100%        5
 Fireball                 Conj/Fire      0%         3d3       100%        5
 Summon Forest            Summ/Tloc      0%         N/A       100%        5
 Summon Mana Viper        Hex/Summ       0%         N/A       100%        5
 Summon Cactus Giant      Summ           0%         N/A       100%        6
 Dragon's Call            Summ           0%         N/A       100%        9


Dungeon Overview and Level Annotations

Branches:
Dungeon (14/15)            Temple (1/1) D:7            Lair (5/5) D:9
 Shoals (0/4) Lair:2        Snake (0/4) Lair:3        Slime (0/5) Lair:5
    Orc (0/2) D:12        Ossuary (visited)
 Vaults: D:13-14

Altars:
Ashenzari
Cheibriados
Dithmenos
Elyvilon
Fedhas
Gozag
Hepliaklqana
Kikubaaqudgha
Makhleb
Nemelex Xobeh
Okawaru
Qazlal
Ru
Sif Muna
Trog
Uskayaw
Vehumet
Wu Jian
Xom
Yredelemnul
Zin
The Shining One
Jiyva

Shops:
D:3 (!   D:4 *   D:5 !   D:11 (   D:13 *

Portals:
Abyss: D:8
Trove: D:14 (show slimy rune of Zot)

Annotations:
D:4 2 transporters, Slyspawn's ghost, amateur DEEn
D:8 2 transporters, FutureFunk's ghost, novice OpSh
Temple 2 transporters


Innate Abilities, Weirdness & Mutations

You cannot be hasted, slowed, berserked, paralysed or teleported.
You can dig through walls and to a lower floor.
You have a pair of large antennae on your head. (SInv)
Your four strong arms can wield two-handed weapons with a shield.


Message History

You block the jiangshi's attack. x2
You hit the jiangshi but do no damage.
The jiangshi is moderately damaged.
The laughing skull lets out a vicious peal of laugher.
The bolt of negative energy hits the jiangshi.
The jiangshi completely resists.
The bolt of negative energy hits you!
You feel drained.
You closely miss the jiangshi.
The jiangshi is moderately damaged.
The vampire mage mumbles some strange words.
You block the jiangshi's attack. x2
Unknown command.
You hit the jiangshi but do no damage.
The jiangshi is moderately damaged.
The jiangshi claws you but does no damage.
You block the jiangshi's attack.
You bludgeon the jiangshi!!
The jiangshi is almost destroyed.
The jiangshi closely misses you. You block the jiangshi's attack. x3
You beat the jiangshi like a drum!!!
You destroy the jiangshi!
The Council accepts your kill. You block the laughing skull's attack.
You miss the laughing skull. You block the laughing skull's attack.
You beat the laughing skull like a drum!!!
You destroy the laughing skull!
The laughing skull disappears in a puff of smoke!
The vampire mage gestures at you while chanting.
The bolt of negative energy hits the wraith.
The wraith completely resists.
The bolt of negative energy hits you!!
You feel drained.
* * * LOW HITPOINT WARNING * * *
You block the wraith's attack.
You begin to dig a shaft.
You continue digging a shaft.
You block the wraith's attack.
The vampire mage points at you and mumbles some strange words.
The bolt of negative energy hits the wraith.
The wraith completely resists.
The bolt of negative energy hits you!!
You feel drained.
You die...

#...# #<..# #...##.....# #...#
#...# ##...##....# #...# #...#
###...##...# #...#
#...######.##...##..###
###...#####...........##...##....
..............)........##.∩###...
##..#################...#### ####
#..# ### ### ### #....#### #..#
#[# #.# #@# #.....#.#
#..####'###'###W####.......#
#..##...'.'...VWV{##.......#
#..##'###.#####Z####.......#
##.....#.'[# ,..# #.......#
....######.# #'# #.......#####
....# '.' ..., #............
)...# +###+ #'# #.........###
....# { { #:# #.........#


You could see a vampire mage, a spectral centaur warrior (summoned), a vampire
(summoned, invisible), a wraith (summoned) and a shadow (summoned, invisible).

Vanquished Creatures
  2 jiangshi (D:14)
  3 hydras
  Erica (Lair:1)
  4 catoblepae
  An ice dragon (D:10)
  A rakshasa (D:10)
  5 centaur warriors
  2 boulder beetles
  4 death yaks (Lair:5)
  A two-headed ogre (D:11)
  A tengu warrior (D:13)
  The ghost of FutureFunk the Mimic, a novice OpSh of Gozag (D:9)
  A goliath frog (Lair:5)
  2 skysharks (Lair:5)
  5 skeletal warriors (D:13)
  An arcanist (D:14)
  A necromancer (Lair:4)
  Pikel (D:6)
  A deep elf pyromancer (D:12)
  11 ugly things
  A cyclops (D:14)
  3 oklob plants (Lair:5)
  A manticore (D:12)
  A merfolk siren (Lair:2)
  A spectral centaur (D:9)
  Joseph (D:8)
  9 elephants (Lair:5)
  2 black mambas
  2 gargoyles
  An unseen horror (D:10)
  14 cane toads
  A torpor snail (Lair:4)
  5 kobold demonologists
  Jeremiah (D:7)
  2 komodo dragons (Lair:5)
  2 rime drakes
  3 tengu conjurers
  6 trolls
  A polar bear (Lair:4)
  2 tyrant leeches (Lair:5)
  A polar bear (shapeshifter) (D:13)
  Grinder (D:3)
  2 hornets
  3 dream sheep (Lair:4)
  25 blink frogs
  A centaur simulacrum (D:9)
  Sigmund (D:5)
  A wraith (D:9)
  28 yaks
  A wyvern (Lair:1)
  A shadow (D:12)
  3 vampires (D:14)
  2 basilisks
  12 vampire mosquitoes
  Menkaure (D:7)
  3 nagas (Lair:3)
  3 acid dragons
  14 water moccasins
  Pargi (D:3)
  A sky beast (shapeshifter) (D:13)
  6 orc warriors
  4 ice beasts
  A sky beast (D:8)
  2 ogres
  19 wolves
  8 centaurs
  A phantom (D:5)
  8 kobold brigands
  Blork the orc (D:5)
  12 bullfrogs
  A gnoll sergeant (D:10)
  10 scorpions
  14 wights
  An electric eel (Lair:5)
  22 killer bees
  4 howler monkeys (D:9)
  2 centaur zombies
  5 hounds
  14 orc priests
  3 bombardier beetles
  4 human zombies (Ossuary)
  A jelly (D:4)
  Terence (D:2)
  A sleepcap (D:4)
  Jessica (D:2)
  A gnoll bouda (D:10)
  7 hell rats (Lair:2)
  5 iguanas
  2 scorpion zombies (Ossuary)
  12 orc wizards
  3 yak simulacra (Lair:4)
  2 polar bear simulacra (Lair:4)
  3 wolf simulacra (Lair:4)
  3 mummies (Ossuary)
  Robin (D:2)
  4 gnolls
  10 adders
  A river rat (Lair:4)
  2 worms
  2 dart slugs
  35 orcs
  6 bats
  7 endoplasms
  2 giant cockroaches (D:3)
  13 goblins
  6 hobgoblins
  3 quokkas
  6 ball pythons
  3 ball python zombies (Ossuary)
  2 frilled lizards (D:1)
  4 gnoll zombies (Ossuary)
  3 jackal zombies (Ossuary)
  23 kobolds
  6 rats
  3 river rat simulacra (Lair:4)
539 creatures vanquished.

Vanquished Creatures (others)
  A vault guard (D:14)
  A deep elf pyromancer (D:14)
  An electric eel (D:13)
3 creatures vanquished.

Grand Total: 542 creatures vanquished

Notes
Turn   | Place    | Note
-------+----------+-------------------------------------------
     0 | D:1      | Ivernyr the Formicid Fighter began the quest for the Orb.
     0 | D:1      | Reached XP level 1. HP: 18/18 MP: 1/1
   156 | D:1      | Reached XP level 2. HP: 20/24 MP: 2/2
   524 | D:1      | Reached XP level 3. HP: 26/29 MP: 3/3
   845 | D:2      | Noticed Terence
   860 | D:2      | Killed Terence
   861 | D:2      | Reached XP level 4. HP: 31/37 MP: 4/4
   916 | D:2      | Noticed Robin
   965 | D:2      | Killed Robin
   985 | D:2      | Found a faded altar of an unknown god.
  1190 | D:2      | Found a stormy altar of Qazlal.
  1190 | D:2      | Noticed Jessica
  1194 | D:2      | Killed Jessica
  1195 | D:2      | Reached XP level 5. HP: 42/42 MP: 5/5
  1564 | D:3      | Found an ancient bone altar of Kikubaaqudgha.
  1571 | D:3      | Found an opulent altar of Gozag.
  1661 | D:3      | Identified the +0 robe of the Depths {Stlth+}
  1668 | D:3      | Found Qaddaisch's Antique Weapon Emporium.
  1689 | D:3      | Noticed an ice beast
  1696 | D:3      | Killed an ice beast
  1697 | D:3      | Reached skill level 5 in Shields
  1697 | D:3      | Reached XP level 6. HP: 29/48 MP: 6/6
  1884 | D:3      | Found Bisuat's Distillery.
  2062 | D:3      | Noticed Pargi
  2072 | D:3      | Killed Pargi
  2329 | D:3      | Noticed Grinder
  2457 | D:3      | Killed Grinder
  2458 | D:3      | Reached skill level 5 in Staves
  2458 | D:3      | Reached XP level 7. HP: 26/55 MP: 7/7
  2727 | D:4      | Reached skill level 6 in Shields
  2887 | D:4      | Reached skill level 5 in Fighting
  2887 | D:4      | Reached skill level 5 in Armour
  2921 | D:4      | Noticed Slyspawn's ghost (amateur DEEn)
  2922 | D:4      | Found a transporter.
  2922 | D:4      | Found a transporter.
  2922 | D:4      | Identified the +8 dire flail of Slow Death {antimagic, Fly
                  | rPois}
  3194 | D:4      | Found Veatsai's General Store.
  3279 | D:4      | Reached XP level 8. HP: 62/62 MP: 8/8
  3434 | D:4      | Found a sacrificial altar of Ru.
  3904 | D:5      | Entered Level 5 of the Dungeon
  3904 | D:5      | Found a snail-covered altar of Cheibriados.
  3920 | D:5      | Found a sand-covered staircase.
  3938 | Ossuary  | Entered an ossuary
  4270 | Ossuary  | Reached skill level 7 in Shields
  4615 | D:5      | Found a broken altar of Ashenzari.
  4648 | D:5      | Found Awnirgh's Distillery.
  4713 | D:5      | Reached XP level 9. HP: 43/69 MP: 9/9
  4942 | D:5      | Noticed Sigmund
  4971 | D:5      | Killed Sigmund
  5677 | D:5      | Reached skill level 8 in Shields
  6352 | D:5      | Noticed Blork the orc
  6364 | D:5      | Killed Blork the orc
  6611 | D:6      | Found a radiant altar of Vehumet.
  6658 | D:6      | Noticed Pikel
  6683 | D:6      | Killed Pikel
  6684 | D:6      | Reached XP level 10. HP: 64/79 MP: 10/10
  6775 | D:6      | Reached skill level 9 in Shields
  7253 | D:6      | Found a white marble altar of Elyvilon.
  7838 | D:7      | Found a staircase to the Ecumenical Temple.
  7852 | Temple   | Found a transporter.
  7852 | Temple   | Found a transporter.
  7852 | Temple   | Found a transporter.
  7852 | Temple   | Found a transporter.
  7852 | Temple   | Entered the Ecumenical Temple
  7870 | Temple   | Became a worshipper of the Wu Jian Council
  7895 | D:7      | Noticed Menkaure
  7909 | D:7      | You fall into a shaft and drop 3 floors!
  7909 | D:10     | Entered Level 10 of the Dungeon
  8036 | D:10     | Noticed a kobold demonologist
  8118 | D:9      | Found a hide-covered altar of Uskayaw.
  8443 | D:9      | Noticed FutureFunk's ghost (novice OpSh)
  8444 | D:9      | Found a runed translucent gate.
  8444 | D:9      | Found a runed translucent gate.
  8444 | D:9      | Found a runed translucent gate.
  8444 | D:9      | Noticed a spectral centaur warrior
  8769 | D:8      | Found a basalt altar of Yredelemnul.
  8770 | D:8      | Found a transporter.
  8803 | D:8      | Reached skill level 10 in Staves
  8895 | D:8      | Noticed Joseph
  8906 | D:8      | Killed Joseph
  8907 | D:8      | Reached skill level 10 in Shields
  8919 | D:8      | Reached XP level 11. HP: 74/87 MP: 11/11
  8984 | D:8      | Reached * piety under Wu Jian
  9028 | D:7      | Found the +7 Throatcutter {drain, coup de grace}
  9161 | D:7      | Noticed Jeremiah
  9171 | D:7      | Killed Jeremiah
  9246 | D:7      | Killed Menkaure
  9685 | D:8      | Found a transporter.
  9689 | D:8      | Found a one-way gate to the infinite horrors of the Abyss.
  9689 | D:8      | Noticed FutureFunk's ghost (novice OpSh)
  9876 | D:8      | Reached ** piety under Wu Jian
 10290 | D:9      | Found a staircase to the Lair.
 10735 | D:9      | Killed FutureFunk's ghost
 10756 | D:9      | Reached skill level 11 in Shields
 10818 | D:9      | Identified the ring of Pero Opo {Str+2 Dex+6}
 10876 | Lair:1   | Entered Level 1 of the Lair of Beasts
 11146 | Lair:1   | Reached XP level 12. HP: 88/96 MP: 12/12
 11175 | Lair:1   | Identified a scroll of acquirement
 11186 | Lair:1   | Acquired the +11 tower shield of Loss {^Drain +Blink rCorr
                  | Stlth+}
 11270 | Lair:1   | Noticed Erica
 11278 | Lair:1   | You fall into a shaft and drop 1 floor!
 11279 | Lair:2   | HP: 2/96 [poisoned by Erica (bolt of poison)]
 11665 | Lair:2   | Reached skill level 10 in Fighting
 11665 | Lair:2   | Reached skill level 10 in Armour
 11952 | Lair:1   | Reached *** piety under Wu Jian
 12332 | Lair:1   | Killed Erica
 12333 | Lair:1   | Reached skill level 12 in Shields
 12868 | Lair:2   | Found a staircase to the Shoals.
 13359 | Lair:3   | Found a staircase to the Snake Pit.
 13520 | Lair:4   | Noticed a catoblepas
 13531 | Lair:4   | Killed a catoblepas
 13531 | Lair:4   | Reached **** piety under Wu Jian
 13532 | Lair:4   | Reached XP level 13. HP: 76/104 MP: 13/13
 13791 | Lair:4   | Reached skill level 13 in Shields
 13951 | Lair:4   | Noticed a seven-headed hydra
 13956 | Lair:4   | Killed a seven-headed hydra
 14528 | Lair:5   | Entered Level 5 of the Lair of Beasts
 14929 | Lair:5   | Reached ***** piety under Wu Jian
 14962 | Lair:5   | Reached XP level 14. HP: 85/114 MP: 14/14
 15053 | Lair:5   | Reached skill level 14 in Shields
 15290 | Lair:5   | Reached skill level 15 in Staves
 15418 | Lair:5   | Found a staircase to the Slime Pits.
 15451 | Lair:5   | Found a viscous altar of Jiyva.
 16095 | D:10     | Found a stormy altar of Qazlal.
 16139 | D:10     | Found a shimmering altar of Xom.
 16212 | D:10     | Reached skill level 1 in Evocations
 17209 | D:11     | Reached skill level 15 in Shields
 17535 | D:11     | Found Dian's Antique Weapon Boutique.
 17849 | D:12     | Found a staircase to the Orcish Mines.
 17863 | D:12     | Reached ****** piety under Wu Jian
 18068 | D:12     | Reached XP level 15. HP: 122/122 MP: 15/15
 19405 | D:13     | Found Hiaj's General Store.
 19505 | D:14     | Reached skill level 5 in Evocations
 19762 | D:14     | Found a glowing golden altar of the Shining One.
 19878 | D:14     | Reached skill level 16 in Shields
 20082 | D:14     | Found a portal to a secret trove of treasure.
 20614 | D:14     | Killed from afar by a vampire mage

Illustrated notes

Levels and vault maps discovered:
D:1:      reono_arrival_mine, layout_basic, minmay_hexomino_p4
D:2:      layout_loops_ring, basic_altar,
          shapermc_ecumenical_altar_totnotflames, minmay_strange_pillars,
          uniq_terence, uniq_jessica, uniq_robin
D:3:      layout_basic, nicolae_overflow_crystal_walls,
          nicolae_gozag_seed_capital, serial_shops, nicolae_shop_statue_plus,
          shop_statue, uniq_grinder, uniq_pargi
D:4:      layout_layer_cave, nicolae_ru_path_of_blood, serial_shops,
          nicolae_shop_crystal, gammafunk_ghost_smash, kennysheep_diamond
D:5:      minmay_recursive_quarters, layout_basic,
          mainiacjoe_overflow_concentric_impassable, cheibriados_altar_1,
          serial_shops, nicolae_shop_industrial_runoff,
          nicolae_ossuary_entry_ruins, uniq_blork_the_orc, uniq_sigmund
D:6:      layout_loops_cross, nicolae_elyvilon_peaceful_grove,
          nicolae_vehumet_radiance, uniq_pikel
D:7:      layout_gridville, minmay_temple_entry_grid, uniq_menkaure,
          uniq_jeremiah
D:8:      layout_loops_ring, yredelemnul_altar_generic,
          gammafunk_ghost_abyssal_escape, uniq_joseph
D:9:      layout_roguey, mainiacjoe_overflow_paths, dpeg_oklobed_lair,
          gammafunk_ghost_necromancy
D:10:     nzn_winding_woodlands_medium [nzn_winding_woodlands_hourglass,
          nzn_winding_woodlands_5x15_lazy_stream,
          nzn_winding_woodlands_5x5_default,
          nzn_winding_woodlands_5x5_closed_star,
          nzn_winding_woodlands_center_diamonds,
          nzn_winding_woodlands_5x5_cross, nzn_winding_woodlands_5x5_three,
          nzn_winding_woodlands_5x15_longhouse,
          nzn_winding_woodlands_5x5_checkerboard], layout_long_grid,
          nicolae_qazlal_style_of_elements, tgw_xom, grunt_ministairs_15
D:11:     layout_rooms, serial_shops, nicolae_shop_back_alley_shop
D:12:     nicolae_hitomezashi [nicolae_hito_row, nicolae_hito_row,
          nicolae_hito_row, nicolae_hito_row, nicolae_hito_row,
          nicolae_hito_row, nicolae_hito_row, nicolae_hito_row,
          nicolae_hito_row, nicolae_hito_row, nicolae_hito_row,
          nicolae_hito_row, nicolae_hito_row, nicolae_hito_row,
          nicolae_hito_row, nicolae_hito_row, nicolae_hito_row,
          nicolae_hito_row], layout_basic, minmay_orc_entry_temple_small
D:13:     layout_gridville, serial_shops, shop, lemuel_freeze_loot_1
D:14:     layout_small_grid, ximxim_vaults_locker_room, tso_altar,
          nicolae_trove_entry_diagonal, nicolae_nh_vlads_tower
Temple:   hellmonk_temple_divided_pantheon
Lair:1:   layout_cave_pods, uniq_erica
Lair:2:   layout_cave_pods, minmay_shoals_entry_lonely_mermaid
Lair:3:   wad_woods_structure_01, layout_cellular_growth,
          nicolae_snake_entry_squirm
Lair:4:   layout_hall_layers, eino_house_with_fridge
Lair:5:   minmay_lair_end_frog_pond, layout_long_grid,
          minmay_slime_entry_oklob_open, minivault_25

Skill      XL: |  1  2  3  4  5  6  7  8  9 10 11 12 13 14 15 |
---------------+----------------------------------------------+-----
Staves         | 3 4 5 7 8 10 11 13 14 15 | 15.3
Fighting       | 4 5 6 7 8 9 10 11 12 13 | 13.8
Armour         | 4 5 6 7 8 9 10 11 13 | 13.9
Shields        | 5 6 7 8 10 11 12 13 15 16 | 16.3
Evocations     | 3 6 |  6.5

Action                     |  1- 3 |  4- 6 |  7- 9 | 10-12 | 13-15 || total
---------------------------+-------+-------+-------+-------+-------++-------
  Melee: Quarterstaff      |    49 |   130 |   426 |   733 |   859 ||  2197
 Invoke: Serpent's Lash    |       |       |       |     1 |     4 ||     5
Ability: Lunge             |       |       |       |    26 |    58 ||    84
         Shaft Self        |       |       |       |     2 |     1 ||     3
         Whirlwind         |       |       |       |    46 |   146 ||   192
         Dig               |       |       |       |     1 |     2 ||     3
    Use: Potion            |       |       |       |     3 |     1 ||     4
         Scroll            |       |       |       |    15 |    16 ||    31
   Stab: Distracted        |       |       |       |       |     1 ||     1
 Armour: Scale mail        |    46 |    62 |   194 |    32 |       ||   334
         Chain mail        |       |       |       |   205 |   215 ||   420
  Dodge: Dodged            |    16 |    37 |   107 |    89 |    52 ||   301
  Block: Buckler           |     5 |       |       |       |       ||     5
         Kite shield       |    10 |    64 |   231 |   480 |       ||   785
         Reflection        |       |       |       |    16 |    39 ||    55
         Tower shield      |       |       |       |   284 |  1053 ||  1337

Table legend: (Time is in decaauts)
 A = Elapsed time spent in this place.
 B = Non-inter-level travel time spent in this place.
 C = Inter-level travel time spent in this place.
 D = Time resting spent in this place.
 E = Time spent auto-exploring this place.
 F = Levels seen in this place.
 G = Mean time per level.
                   A        B        C        D        E       F      G
               +--------+--------+--------+--------+--------+-----+--------+
         Total |  20778 |  19968 |    810 |   2848 |  12698 |  21 |  989.4 |
       Dungeon |  14848 |  14353 |    495 |   2065 |   9412 |  14 | 1060.6 |
        Temple |     36 |     36 |      0 |      0 |      0 |   1 |   36.0 |
          Lair |   5243 |   4929 |    314 |    625 |   3099 |   5 | 1048.6 |
       Ossuary |    649 |    649 |      0 |    158 |    187 |   1 |  649.0 |
               +--------+--------+--------+--------+--------+-----+--------+

Top non-repeatable levels by time:
     D:5: 2051 daAuts
  Lair:5: 1420 daAuts
  Lair:2: 1263 daAuts
    D:10: 1242 daAuts
     D:4: 1222 daAuts
    D:14: 1178 daAuts
     D:9: 1158 daAuts
     D:3: 1147 daAuts
  Lair:4: 1128 daAuts
    D:12: 1107 daAuts
  Lair:1: 1087 daAuts
     D:6: 1079 daAuts
     D:8: 971 daAuts
     D:7: 883 daAuts
     D:1: 832 daAuts
